 Dungeon Crawl Stone Soup version 0.19-a0-749-g66ae36b (webtiles) character file.

6119 Implojin the Grappler (level 10, -1/104 HPs)
             Began as a Troll Fighter on June 24, 2016.
             Was an Elder of Okawaru.
             Slain by a jumping spider (shapeshifter) (11 damage)
             ... on level 13 of the Dungeon.
             The game lasted 00:11:25 (1729 turns).

Implojin the Grappler (Troll Fighter)               Turns: 1729, Time: 00:11:25

Health: -1/104     AC:  5    Str: 26    XL:     10   Next: 59%
Magic:  7/9        EV:  6    Int:  4    God:    Okawaru [****..]
Gold:   149        SH:  0    Dex: 12    Spells: 0 memorised, 9 levels left

rFire  . . .     SeeInvis .       - Unarmed
rCold  . . .     Gourm    +     h - troll hide
rNeg   . . .     Faith    .     b - +0 shield
rPois  .         Spirit   .     (helmet restricted)
rElec  .         Dismiss  .     (no cloak)
rCorr  .         Reflect  .     (gloves unavailable)
SustAt .         Harm     .     (boots unavailable)
MR     .....                    (no amulet)
Stlth  ++........               (no ring)
                                (no ring)

@: heroism, held, not resistant to hostile enchantments, unstealthy
A: unfitting armour, claws 3, fast metabolism 3, gourmand, regeneration 2,
shaggy fur 1, tough skin 2
a: Heroism, Renounce Religion


You were on level 13 of the Dungeon.
You worshipped Okawaru.
Okawaru was greatly pleased with you.
You were completely stuffed.

You visited 2 branches of the dungeon, and saw 14 of its levels.

You collected 299 gold pieces.
You spent 150 gold pieces at shops.

Inventory:

Missiles
 o - 16 tomahawks (quivered)
 s - 6 javelins
 z - 3 large rocks
Armour
 a - a +0 robe
 b - a +0 shield (worn)
 h - a troll hide (worn)
Wands
 l - a wand of lightning (12/15)
 t - a wand of iceblast (4/15)
 x - a wand of paralysis (5/24)
 y - a wand of polymorph (11/24)
Scrolls
 e - a scroll of amnesia
 j - 2 scrolls of remove curse
 p - a scroll of summoning
 q - a scroll of teleportation {unknown}
 B - 2 scrolls of identify
Potions
 c - 2 potions of might
 g - 2 potions of ambrosia
 k - 2 potions of flight
 m - a potion of degeneration
 v - a potion of lignification
Books
 n - a book of Transfigurations

   Spells                             Type                      Level
   a - Irradiate                      Conjuration/Transmutation    5
   b - Statue Form                    Transmutation/Earth          6
   c - Hydra Form                     Transmutation                6
   d - Dragon Form                    Transmutation                7
 r - a book of Callings

   Spells                             Type                      Level
   a - Summon Small Mammal            Summoning                    1
   b - Call Imp                       Summoning                    2
   c - Call Canine Familiar           Summoning                    3
   d - Summon Guardian Golem          Hexes/Summoning              3
   e - Summon Lightning Spire         Summoning/Air                4
   f - Summon Ice Beast               Ice/Summoning                4
Comestibles
 d - 3 bread rations
 f - 5 meat rations
 i - 3 fruits
 A - a beef jerky


   Skills:
 * Level 7.9(12.9) Fighting
 - Level 2.4(7.4) Dodging
 - Level 2.4(7.4) Shields
 - Level 13.1(18.1) Unarmed Combat


You had 9 spell levels left.
You didn't know any spells.

Dungeon Overview and Level Annotations

Branches:
Dungeon (13/15)            Temple (1/1) D:4            Lair (0/6) D:8
    Orc: D:9-12      Vaults: D:13-14

Altars:
Okawaru
Qazlal
Uskayaw
Vehumet
Zin

Shops:
D:7 [*}

Annotations:
D:12 Harold, Snorg, Urug


Innate Abilities, Weirdness & Mutations

You are too large for most types of armour.
You have claws for hands.
Your metabolism is lightning-fast.
You like to eat raw meat.
You heal very quickly.
You are covered in fur. (AC +1)
You have very tough skin. (AC +2)


Message History

Unknown command.
Unknown command.
Unknown command.
Blink to where?
Press: ? - help, Dir - move target cursor You are very lightly contaminated with residual magic.
As you read the scroll of blinking, it crumbles to dust.
Some of the chunks of flesh in your inventory have rotted away.
There is a stone staircase leading up here.
A jumping spider comes into view.
You climb upwards.
Level annotation: Harold, Snorg, Urug
There is a stone staircase leading down here.
You start resting.
Eating one of 2 chunks of flesh.
This raw flesh tastes great.
You continue eating. x2
Eating a chunk of flesh.
This raw flesh tastes great.
You continue eating. x2
Your magical contamination has completely faded away.
You start resting.
HP restored.
You climb downwards.
A gargoyle comes into view. It is wielding a mace.
You block the jumping spider's attack. x2
The orc warrior hits you with a war axe!
The jumping spider pounces on you!
You are caught in a web!
The jumping spider bites you but does no damage.
There is a stone staircase leading up, spattered with blood here.
You gain the combat prowess of a mighty hero.
The jumping spider pounces on you!
* * * LOW HITPOINT WARNING * * *
You are even more entangled.
The jumping spider bites you.
* * * LOW HITPOINT WARNING * * *
The orc warrior hits you with a war axe!!
* * * LOW HITPOINT WARNING * * *
The gargoyle hurls a stone arrow at you.
The stone arrow hits you!
* * * LOW HITPOINT WARNING * * *
The jumping spider pounces on you!
You die...

#.....#...##...##......
###########.......###....##...##.
..............#####.........#.##.
.................................
.............####.#..########.##
###.....<...# #....# #..#
#...###...# ###..# #.## #...#
#...######..# #.#
#...###.....@.....#######.###
#####...........os...............
.............9...........).......
.............#######.............
####.........# #..######.....
#.........# #..# #.....
####.........#######..######.....
.................................
.................................


You could see a jumping spider, an orc warrior and a gargoyle.

Vanquished Creatures
  A fire dragon (D:13)
  3 hill giants
  A cyclops (D:12)
  A centaur zombie (D:13)
  A gargoyle (D:12)
  A troll (D:12)
  A wraith (D:11)
  6 yaks (D:12)
  3 hippogriffs
  2 water moccasins
  A black bear (shapeshifter) (D:13)
  3 sky beasts
  An orc warrior (D:9)
  An ice beast (D:8)
  2 ogres
  3 howler monkeys
  2 crimson imps (D:9)
  A centaur skeleton (D:4)
  2 orc wizards
  An orc priest (D:9)
  2 hounds
  3 worker ants
  2 adders
  8 orcs
  A bat (D:3)
  2 hobgoblins (D:1)
  3 kobolds
  A quokka (D:10)
  A giant newt (D:4)
  A quokka skeleton (D:4)
  A rat (D:3)
62 creatures vanquished.

Notes
Turn   | Place    | Note
--------------------------------------------------------------
     0 | D:1      | Implojin the Troll Fighter began the quest for the Orb.
     0 | D:1      | Reached XP level 1. HP: 22/22 MP: 0/0
   145 | D:2      | You fall through a shaft for 2 floors!
   160 | D:4      | Noticed an ogre
   167 | D:4      | Killed an ogre
   167 | D:4      | Reached skill level 4 in Unarmed Combat
   167 | D:4      | Reached XP level 2. HP: 29/29 MP: 1/1
   167 | D:4      | Reached XP level 3. HP: 36/36 MP: 2/2
   167 | D:4      | Reached XP level 4. HP: 44/44 MP: 3/3
   215 | D:4      | Reached skill level 5 in Unarmed Combat
   262 | D:4      | Found a staircase to the Ecumenical Temple.
   268 | D:4      | Reached XP level 5. HP: 46/50 MP: 4/4
   319 | Temple   | Entered the Ecumenical Temple
   325 | Temple   | Became a worshipper of Warmaster Okawaru
   398 | D:5      | Entered Level 5 of the Dungeon
   514 | D:6      | Reached skill level 6 in Unarmed Combat
   600 | D:6      | Reached XP level 6. HP: 48/59 MP: 5/5
   652 | D:6      | Noticed a sky beast
   662 | D:6      | Killed a sky beast
   697 | D:8      | Noticed a sky beast
   706 | D:8      | Killed a sky beast
   706 | D:8      | Reached skill level 7 in Unarmed Combat
   720 | D:8      | Noticed a water moccasin
   724 | D:8      | Killed a water moccasin
   724 | D:8      | Reached * piety under Okawaru
   724 | D:8      | Reached XP level 7. HP: 62/66 MP: 6/6
   779 | D:8      | Reached skill level 8 in Unarmed Combat
   837 | D:7      | Found Legaf Funtut's Armour Emporium.
   869 | D:8      | Found a staircase to the Lair.
   940 | D:7      | Found Kehuet's Gadget Emporium.
   964 | D:7      | Found Worrokux's General Store.
   973 | D:7      | Bought a scroll of blinking for 90 gold pieces
   973 | D:7      | Bought a scroll of identify for 24 gold pieces
   973 | D:7      | Bought a potion of lignification for 36 gold pieces
  1055 | D:9      | Reached skill level 9 in Unarmed Combat
  1113 | D:10     | Entered Level 10 of the Dungeon
  1113 | D:10     | Noticed a hippogriff
  1121 | D:10     | Killed a hippogriff
  1121 | D:10     | Reached XP level 8. HP: 54/74 MP: 4/7
  1214 | D:12     | Noticed a troll
  1224 | D:12     | Killed a troll
  1224 | D:12     | Reached skill level 10 in Unarmed Combat
  1225 | D:12     | Noticed a gargoyle
  1230 | D:12     | Killed a gargoyle
  1230 | D:12     | Reached skill level 11 in Unarmed Combat
  1265 | D:12     | Reached ** piety under Okawaru
  1268 | D:12     | Noticed a hill giant
  1285 | D:11     | Killed a hill giant
  1285 | D:11     | Reached skill level 12 in Unarmed Combat
  1285 | D:11     | Reached XP level 9. HP: 63/80 MP: 5/8
  1317 | D:12     | Noticed Harold
  1321 | D:12     | Noticed Urug
  1360 | D:11     | Noticed a hill giant
  1382 | D:11     | Killed a hill giant
  1382 | D:11     | Reached *** piety under Okawaru
  1425 | D:13     | Reached skill level 13 in Unarmed Combat
  1438 | D:13     | Reached skill level 3 in Fighting
  1459 | D:12     | Reached skill level 4 in Fighting
  1470 | D:12     | Reached skill level 5 in Fighting
  1470 | D:12     | Reached XP level 10. HP: 79/96 MP: 7/9
  1482 | D:12     | Noticed a cyclops
  1498 | D:12     | Killed a cyclops
  1498 | D:12     | Reached **** piety under Okawaru
  1498 | D:12     | Reached skill level 6 in Fighting
  1516 | D:12     | Noticed Snorg
  1564 | D:13     | Noticed a hill giant
  1576 | D:13     | Killed a hill giant
  1576 | D:13     | Reached skill level 7 in Fighting
  1645 | D:13     | Noticed a fire dragon
  1662 | D:13     | Killed a fire dragon
  1728 | D:13     | Noticed a gargoyle
  1729 | D:13     | Slain by a jumping spider (shapeshifter)

Vault maps used:
D:1:      nagdon_arrival_zigzag_paths
D:2:      nrook_mini_vaults, uniq_crazy_yiuf_cottage
D:4:      minitemple, first_bread
D:5:      uniq_menkaure, uniq_grinder
D:7:      serial_shops, nicolae_shop_crystal, shop, kennysheep_mini,
          nicolae_shop_crystal, shop, the_bakery, lightli_minifort
D:8:      lair_0_dummy, serial_shops, shop, special_room, minivault_5,
          grunt_ministairs_6
D:9:      minmay_guarded_unrand_staff_of_olgreb
D:11:     orc_0_dummy
D:12:     minmay_bloctagon_deflated, sword_in_stone, uniq_snorg, uniq_urug
D:13:     minmay_swirls_squares, david_vaults_1, uniq_azrael
Temple:   eino_temple_rhombus

Skill      XL: |  1  2  3  4  5  6  7  8  9 10 |
---------------+-------------------------------+-----
Unarmed Combat | 4 5 6 7 9 12 13 | 13.1
Fighting       | 5 7 |  7.9
Dodging        | |  2.4
Shields        | |  2.4

Action                   |  1- 3 |  4- 6 |  7- 9 | 10-12 || total
-------------------------+-------+-------+-------+-------++-------
Melee: Unarmed           |     8 |    52 |    99 |    50 ||   209
Throw: Tomahawk          |       |       |       |     1 ||     1
Invok: Heroism           |       |       |     8 |     5 ||    13
  Use: Scroll            |       |       |     7 |     1 ||     8
       Potion            |       |       |     1 |       ||     1
  Eat: Chunk             |       |    10 |     8 |     3 ||    21
Armor: Robe              |     1 |    12 |     8 |       ||    21
       Troll hide        |       |       |    12 |     2 ||    14
Dodge: Dodged            |     2 |    17 |    31 |     6 ||    56
Block: Shield            |       |    14 |    42 |    13 ||    69

Table legend:
 A = Turns spent in this place as a percentage of turns spent in the entire game.
 B = Non-inter-level travel turns spent in this place as a percentage of non-inter-level travel turns spent in the entire game.
 C = Inter-level travel turns spent in this place as a percentage of turns spent in this place.
 D = Turns resting spent in this place as a percentage of non-inter-level travel turns spent in this place.
 E = Turns spent auto-exploring this place as a percentage of non-inter-level travel turns spent in this place.
 F = Non-inter-level travel turns spent in this place divided by the number of levels of this place that you've seen.
                   A       B       C       D       E      F
               +-------+-------+-------+-------+-------+----------------------
         Total | 100.0 | 100.0 |   0.0 |   0.2 |   0.0 | 115.4
       Dungeon |  99.3 |  99.3 |   0.0 |   0.2 |   0.0 | 123.3
        Temple |   0.7 |   0.7 |   0.0 |   0.0 |   0.0 |  12.0
               +-------+-------+-------+-------+-------+----------------------

Table legend:
 A = Kills in this place as a percentage of kills in entire the game.
 B = Kills by you in this place as a percentage of kills by you in the entire game.
 C = Kills by friends in this place as a percentage of kills by friends in the entire game.
 D = Other kills in this place as a percentage of other kills in the entire game.
 E = Experience gained in this place as a percentage of experience gained in the entire game.
 F = Experience gained in this place divided by the number of levels of this place that you have seen.
                   A       B       C       D       E      F
               +-------+-------+-------+-------+-------+----------------------
         Total | 100.0 | 100.0 |  -nan |  -nan | 100.0 | 624.4
       Dungeon | 100.0 | 100.0 |  -nan |  -nan | 100.0 | 672.5
               +-------+-------+-------+-------+-------+----------------------
